 Dungeon Crawl Stone Soup version 0.30-a0-439-g9e77e4d916 (webtiles) character file.

Game seed: 17170813990088372190

12636 pokeman the Eclecticist (level 11, -6/61 HPs)
             Began as a Deep Elf Hedge Wizard on Dec 10, 2022.
             Was a Priest of Vehumet.
             Shot with an arrow by a centaur (14 damage)
             ... on level 11 of the Dungeon on Dec 11, 2022.
             The game lasted 00:32:31 (12793 turns).

pokeman the Eclecticist (Deep Elf Hedge Wizard)    Turns: 12793, Time: 00:32:32

Health: -6/61      AC:  4    Str: 11    XL:     11   Next: 65%
Magic:  15/33      EV: 13    Int: 23    God:    Vehumet [***...]
Gold:   715        SH:  0    Dex: 19    Spells: 18/42 levels left

rFire   . . .      SeeInvis .    C - +2 dagger (venom)
rCold   . . .      Faith    .    (no shield)
rNeg    . . .      Spirit   .    K - +0 steam dragon scales
rPois   +          Reflect  .    v - +0 helmet
rElec   .          Harm     .    (no cloak)
rCorr   .          Rampage  .    (no gloves)
Will    ++...                    f - +0 pair of boots
Stlth   +++.......               r - amulet of regeneration
HPRegen 1.10/turn                i - +6 ring of dexterity
MPRegen 0.23/turn                J - ring of poison resistance

@: corroded
A: strong-willed 1, screaming 1, strong 1
a: Renounce Religion


You were on level 11 of the Dungeon.
You worshipped Vehumet.
Vehumet was most pleased with you.
You visited 2 branches of the dungeon, and saw 12 of its levels.
You also visited: Bailey.

You collected 715 gold pieces.

Inventory:

Hand Weapons
 C - a +2 dagger of venom (weapon)
 F - a +0 arbalest
Missiles
 w - 6 curare-tipped darts
 z - 4 throwing nets
Armour
 f - a +0 pair of boots (worn)
 v - a +0 helmet (worn)
 y - a +0 buckler
 K - +0 steam dragon scales (worn)
Magical Staves
 m - a staff of poison
Jewellery
 i - a +6 ring of dexterity (left hand)
 r - an amulet of regeneration (around neck)
 J - a ring of poison resistance (right hand)
 P - a ring of ice
Wands
 a - a wand of flame (8)
 x - a wand of mindburst (8)
Scrolls
 c - 3 scrolls of fear {unknown}
 e - 3 scrolls of fog {unknown}
 h - a scroll of poison {unknown}
 j - 2 scrolls of noise {unknown}
 k - 4 scrolls of blinking {unknown}
 l - 8 scrolls of teleportation {unknown}
 o - 2 scrolls of acquirement {unknown}
 q - 5 scrolls of enchant weapon {unknown}
 s - 7 scrolls of identify {unknown}
 t - 2 scrolls of amnesia {unknown}
 E - a scroll of silence {unknown}
 G - a scroll of immolation {unknown}
 H - a scroll of summoning {unknown}
 I - 2 scrolls of enchant armour {unknown}
 N - 2 scrolls of magic mapping {unknown}
Potions
 b - 3 potions of curing {unknown}
 d - 2 potions of magic
 g - 5 potions of mutation
 n - 4 potions of attraction {unknown}
 p - 3 potions of heal wounds {unknown}
 u - a potion of flight {unknown}
 A - a potion of invisibility {unknown}
 B - 2 potions of might {unknown}
 D - a potion of resistance {unknown}
 L - a potion of haste {unknown}
 M - 2 potions of cancellation {unknown}
 O - a potion of experience


   Skills:
 - Level 4.0 Fighting
 - Level 4.0 Armour
 - Level 3.0 Dodging
 - Level 3.0 Stealth
 + Level 3.8 Shields
 * Level 16.2 Spellcasting
 + Level 9.5 Conjurations
 - Level 1.1 Summonings
 - Level 1.1 Translocations
 - Level 1.0 Ice Magic
 - Level 1.0 Air Magic
 + Level 7.1 Earth Magic
 - Level 1.0 Poison Magic
 - Level 1.0 Evocations


You had 18 spell levels left.
You knew the following spells:

 Your Spells              Type           Power      Damage    Failure   Level
a - Magic Dart            Conj           100%       1d8       1%          1
b - Mephitic Cloud        Conj/Pois/Air  36%        N/A       1%          3
c - Call Imp              Summ           23%        N/A       2%          2
d - Blink                 Tloc           46%        N/A       2%          2
e - Foxfire               Conj/Fire      100%       2x1d9     1%          1
f - Stone Arrow           Conj/Erth      100%       3d13      1%          3
g - Hailstorm             Conj/Ice       43%        3d10      1%          3
h - Swiftness             Air            23%        N/A       6%          3
i - Iron Shot             Conj/Erth      27%        9d6       4%          6

Your spell library contained the following spells:

 Spells                   Type           Power      Damage    Failure   Level
 Ignite Poison            Fire/Tmut/Pois 20%        N/A       2%          3
 Freeze                   Ice            92%        1d9       1%          1
 Sandblast                Erth           100%       2d20      1%          1
 Summon Small Mammal      Summ           92%        N/A       1%          1
 Passwall                 Tmut/Erth      29%        N/A       1%          2
 Poisonous Vapours        Pois/Air       46%        N/A       1%          2
 Frozen Ramparts          Ice            46%        1d7       1%          3
 Slow                     Hex            72%        N/A       3%          1
 Cigotuvi's Dreadful Rot  Necr/Pois/Air  42%        N/A       3%          2
 Ensorcelled Hibernation  Hex/Ice        42%        N/A       3%          2
 Animate Armour           Summ/Erth      74%        N/A       5%          4
 Borgnjor's Vile Clutch   Necr/Erth      17%        N/A       19%         5
 Blade Hands              Tmut           9%         N/A       63%         5
 Simulacrum               Ice/Necr       10%        N/A       98%         6
 Summon Horrible Things   Summ           11%        N/A       100%        8


Dungeon Overview and Level Annotations

Branches:
Dungeon (11/15)            Temple (1/1) D:6            Lair (0/5) D:9
 Bailey (visited)
    Orc: D:9-12

Altars:
Ashenzari
Cheibriados
Dithmenos
Elyvilon
Fedhas
Gozag
Hepliaklqana
Kikubaaqudgha
Makhleb
Nemelex Xobeh
Okawaru
Qazlal
Ru
Sif Muna
Trog
Uskayaw
Vehumet
Wu Jian
Xom
Yredelemnul
Zin
The Shining One

Annotations:
D:6 3 runed translucent doors, Zonian's ghost, novice DjIE


Innate Abilities, Weirdness & Mutations

You are strong-willed. (Will+)
You occasionally shout uncontrollably at your foes.
Your muscles are strong. (Str +4, Int/Dex -1)


Message History

Unknown command.
You feel stable enough to blink again.
The centaur hits the kobold.
The centaur kicks the kobold but does no damage.
The kobold brigand is engulfed in noxious fumes.
The kobold brigand appears confused.
The kobold is engulfed in noxious fumes.
The kobold appears confused.
Unknown command.
Casting: Mephitic Cloud (safe; 1% risk of failure)
Confirm with . or Enter, or press ? or * to list all spells.
Casting: Hailstorm (safe; 1% risk of failure)
Press: ? - help, Dir - look around, f - activate
Okay, then.
Unknown command.
Unknown command.
Casting: Hailstorm (safe; 1% risk of failure)
Confirm with . or Enter, or press ? or * to list all spells.
Casting: Hailstorm (safe; 1% risk of failure)
Press: ? - help, Dir - look around, f - activate A cannonade of hail descends around you!
The hail pelts the kobold brigand!!
The kobold brigand is severely wounded.
The hail pelts the kobold!
You kill the kobold!
Vehumet accepts your kill.
The hail pelts the kobold!!
You kill the kobold!
Vehumet accepts your kill.
You feel your power returning.
The hail pelts the centaur!
The centaur is moderately wounded.
The hail pelts the centaur!
You kill the centaur!
Vehumet accepts your kill.
You feel your power returning.
The hail pelts the kobold!!
You kill the kobold!
Vehumet accepts your kill.
You feel your power returning.
The centaur wields a +0 shortbow.
The centaur shoots an arrow.
The arrow hits you!
You die...

######'# #.
#...#...# #..
#...#...### +..
#...##(##.####
#.#
#..@.☼.K......
#.#
####..☼°K(.......
#.#
..##c?○☼☼........
#.######
#.##..)(....##
#...§..#
#.##..D.....#
#)####.#
#.#####)......#
#......# #.#
#..c#####.#
##.###..# #.#
#.........#
.#.#....###)#
#.).##.##.#


You could see an acid dragon, a kobold brigand (confused), 2 centaurs and a
kobold (confused).

Vanquished Creatures
  An orc warlord (Bailey)
  4 two-headed ogres
  2 cyclopes
  A manticore (D:8)
  An unseen horror (D:10)
  A meliai (D:8)
  11 yaks
  2 wraiths
  5 wyverns (D:9)
  2 steam dragons (D:8)
  Menkaure (D:5)
  An acid dragon (D:8)
  5 water moccasins
  4 orc warriors (Bailey)
  An ice beast (D:7)
  2 sky beasts
  3 black bears (D:9)
  2 ogres
  A wolf (D:9)
  10 centaurs
  4 kobold brigands
  A gnoll sergeant (D:5)
  A bullfrog (D:7)
  2 necrophages
  7 scorpions
  11 wights
  A killer bee (D:8)
  A howler monkey (D:4)
  3 hounds
  2 jellies
  3 orc priests
  3 iguanas
  3 orc wizards
  12 gnolls
  7 adders
  3 white imps
  2 ufetubi
  3 worms
  6 dart slugs
  13 orcs
  7 ball pythons
  5 bats
  A bat zombie (D:9)
  7 endoplasms
  A giant cockroach (D:4)
  8 goblins
  18 hobgoblins
  6 jackals
  33 kobolds
  4 quokkas
  3 frilled lizards
  10 rats
  A rat zombie (D:9)
252 creatures vanquished.

Vanquished Creatures (collateral kills)
  An ice beast (D:6)
1 creature vanquished.

Vanquished Creatures (others)
  102 foxfires
  6 fungi (D:9)
  16 plants (D:9)
124 creatures vanquished.

Grand Total: 377 creatures vanquished

Notes
Turn   | Place    | Note
-------+----------+-------------------------------------------
     0 | D:1      | pokeman the Deep Elf Hedge Wizard began the quest for the
                  | Orb.
     0 | D:1      | Reached XP level 1. HP: 10/10 MP: 7/7
   286 | D:1      | Reached XP level 2. HP: 9/16 MP: 1/9
   873 | D:1      | Reached skill level 5 in Spellcasting
  1254 | D:2      | Reached XP level 3. HP: 20/20 MP: 9/11
  1258 | D:2      | Learned a level 3 spell: Mephitic Cloud
  1261 | D:2      | Learned a level 2 spell: Call Imp
  1264 | D:2      | Learned a level 2 spell: Blink
  1268 | D:2      | Learned a level 3 spell: Hailstorm
  1689 | D:2      | Reached skill level 1 in Fighting
  1762 | D:2      | You fall into a shaft and drop 1 floor!
  1881 | D:3      | Reached skill level 1 in Armour
  2054 | D:3      | Reached XP level 4. HP: 25/25 MP: 11/13
  3018 | D:3      | Noticed an ogre
  3149 | D:3      | Killed an ogre
  3150 | D:3      | Reached skill level 6 in Spellcasting
  3150 | D:3      | Reached XP level 5. HP: 29/29 MP: 3/15
  3517 | D:3      | Found a faded altar of an unknown god.
  3827 | D:4      | Found a blossoming altar of Fedhas.
  3911 | D:4      | Reached skill level 1 in Evocations
  3918 | D:4      | Reached XP level 6. HP: 34/34 MP: 7/17
  4012 | D:4      | Reached skill level 1 in Ice Magic
  4098 | D:4      | Reached skill level 7 in Spellcasting
  4098 | D:4      | Reached skill level 1 in Poison Magic
  4141 | D:4      | Reached skill level 1 in Air Magic
  4410 | D:4      | Noticed a sky beast
  4423 | D:4      | Killed a sky beast
  4424 | D:4      | Reached XP level 7. HP: 33/39 MP: 4/20
  4468 | D:4      | Reached skill level 8 in Spellcasting
  4877 | D:5      | Entered Level 5 of the Dungeon
  5260 | D:5      | Found a stormy altar of Qazlal.
  5314 | D:5      | Reached skill level 9 in Spellcasting
  5471 | D:5      | Reached XP level 8. HP: 38/44 MP: 19/23
  5504 | D:5      | Noticed Menkaure
  5611 | D:5      | Reached skill level 1 in Shields
  5611 | D:5      | Reached skill level 5 in Conjurations
  5762 | D:5      | Killed Menkaure
  5763 | D:5      | Reached skill level 10 in Spellcasting
  6392 | D:6      | Noticed Zonian's ghost (novice DjIE)
  6549 | D:6      | Found a staircase to the Ecumenical Temple.
  6558 | Temple   | Entered the Ecumenical Temple
  6597 | Temple   | Became a worshipper of Vehumet
  6665 | D:6      | Learned a level 3 spell: Swiftness
  6693 | D:6      | Reached skill level 11 in Spellcasting
  6731 | D:6      | Found a runed translucent gate.
  6731 | D:6      | Found a runed translucent gate.
  6731 | D:6      | Found a runed translucent gate.
  6812 | D:6      | Found a shimmering altar of Xom.
  7061 | D:6      | Reached XP level 9. HP: 35/48 MP: 19/26
  7153 | D:6      | Learned a level 3 spell: Stone Arrow
  7555 | D:7      | Reached skill level 1 in Earth Magic
  9041 | D:8      | Reached skill level 12 in Spellcasting
  9252 | D:8      | Found a hazy altar of Hepliaklqana.
  9255 | D:8      | Found a hide-covered altar of Uskayaw.
  9255 | D:8      | Found a sparkling altar of Nemelex Xobeh.
  9255 | D:8      | Found a glowing golden altar of the Shining One.
  9257 | D:8      | Found an iron altar of Okawaru.
  9271 | D:8      | Reached * piety under Vehumet
  9271 | D:8      | Offered knowledge of Foxfire by Vehumet.
  9355 | D:8      | Found a burning altar of Makhleb.
  9558 | D:8      | Noticed a two-headed ogre
  9592 | D:8      | Killed a two-headed ogre
  9593 | D:8      | Reached skill level 13 in Spellcasting
  9593 | D:8      | Reached XP level 10. HP: 55/55 MP: 12/29
  9722 | D:8      | Noticed a two-headed ogre
  9759 | D:8      | Killed a two-headed ogre
 10059 | D:8      | Noticed a manticore
 10076 | D:8      | Killed a manticore
 10077 | D:8      | Reached skill level 14 in Spellcasting
 10088 | D:8      | Reached skill level 5 in Earth Magic
 10090 | D:8      | Noticed a cyclops
 10310 | D:8      | Killed a cyclops
 10626 | D:9      | Learned a level 1 spell: Foxfire
 10846 | D:9      | Found a staircase to the Lair.
 10861 | D:9      | Offered knowledge of Shock by Vehumet.
 10862 | D:9      | Reached skill level 15 in Spellcasting
 10862 | D:9      | Reached XP level 11. HP: 46/61 MP: 19/32
 10866 | D:9      | Reached ** piety under Vehumet
 10888 | D:9      | Learned a level 6 spell: Iron Shot
 10976 | D:9      | Noticed a two-headed ogre
 10984 | D:9      | Killed a two-headed ogre
 11044 | D:9      | Found a bloodstained altar of Trog.
 11045 | D:9      | Found an opulent altar of Gozag.
 11046 | D:9      | Found a broken altar of Ashenzari.
 11144 | D:9      | Found an ancient bone altar of Kikubaaqudgha.
 11272 | D:9      | Noticed a two-headed ogre
 11275 | D:9      | Killed a two-headed ogre
 11456 | D:10     | Entered Level 10 of the Dungeon
 11671 | D:10     | Offered knowledge of Kindle Blastsparks by Vehumet.
 11692 | D:10     | Found a flagged portal.
 11711 | Bailey   | Entered a bailey
 11755 | Bailey   | Noticed an orc warlord
 11776 | Bailey   | Reached *** piety under Vehumet
 11864 | Bailey   | Found a runed translucent gate.
 11864 | Bailey   | Found a runed translucent gate.
 11864 | Bailey   | Found a runed translucent gate.
 11885 | Bailey   | Reached skill level 16 in Spellcasting
 11990 | Bailey   | Offered knowledge of Ignite Poison by Vehumet.
 12225 | Bailey   | Killed an orc warlord
 12366 | Bailey   | Got the Discourse on Dark Rituals and Rallying
 12790 | D:11     | Gained mutation: You occasionally shout uncontrollably at
                  | your foes. [potion of mutation]
 12790 | D:11     | Gained mutation: You are strong-willed. (Will+) [potion of
                  | mutation]
 12790 | D:11     | Gained mutation: Your muscles are strong. (Str +4, Int/Dex
                  | -1) [potion of mutation]
 12793 | D:11     | Shot with an arrow by a centaur

Illustrated notes

Levels and vault maps discovered:
D:1:      dpeg_arrival_rhombus, layout_basic, minmay_misc_feat_hallway,
          minmay_misc_feat_iff
D:2:      layout_loops_corners
D:3:      layout_basic, shapermc_ecumenical_altar_acropolis, minmay_diced_spiral
D:4:      minmay_diamond_boxcup, layout_rooms, fedhas_altar_1,
          minmay_crystal_room
D:5:      cheibrodos_thug_alley, layout_cave_pods,
          nicolae_qazlal_general_emergency, hangedman_decor_opposing,
          chequers_jeans, uniq_menkaure
D:6:      layout_gridville, lemuel_tele_altar,
          minmay_temple_entry_statues_fountains, gammafunk_ghost_icy
D:7:      layout_layer_cave, kennysheep_cluttered_room, minivault_19
D:8:      minmay_slanted_spiral_squares, layout_loops_corners,
          grunt_temple_overflow_open
D:9:      layout_roguey, chequers_temple_overflow_statue_of_worship,
          lemuel_zombie_altar_kikubaaqudgha, minmay_lair_entry_grove,
          feat_on_display
D:10:     layout_rooms, enter_bailey_5
D:11:     layout_basic, minmay_unpleasant_kobolds, uniq_psyche
Temple:   jpeg_temple_island

Skill      XL: |  1  2  3  4  5  6  7  8  9 10 11 |
---------------+----------------------------------+-----
Spellcasting   | 5 6 7 9 11 13 15 16 | 16.2
Fighting       | 1 2 4 |  4.0
Conjurations   | 2 3 4 6 7 8 9 |  9.5
Armour         | 1 2 3 4 |  4.0
Stealth        | 3 |  3.0
Dodging        | 3 |  3.0
Evocations     | 1 |  1.0
Ice Magic      | 1 |  1.0
Poison Magic   | 1 |  1.0
Air Magic      | 1 |  1.0
Shields        | 2 3 |  3.8
Earth Magic    | 3 5 7 |  7.1
Summonings     | |  1.1
Translocations | |  1.1

Action                   |  1- 3 |  4- 6 |  7- 9 | 10-12 || total
-------------------------+-------+-------+-------+-------++-------
Melee: Dagger            |     3 |       |    89 |    72 ||   164
       Short sword       |    14 |    38 |    55 |       ||   107
       Punch             |       |       |     1 |     1 ||     2
 Cast: Magic Dart        |   102 |    99 |   111 |     6 ||   318
       Mephitic Cloud    |     2 |     7 |    17 |    32 ||    58
       Call Imp          |       |       |     3 |     2 ||     5
       Stone Arrow       |       |       |    14 |    81 ||    95
       Hailstorm         |       |       |    11 |     9 ||    20
       Swiftness         |       |       |     1 |       ||     1
       Foxfire           |       |       |       |    58 ||    58
       Blink             |       |       |       |     7 ||     7
Evoke: Wand              |       |       |       |     8 ||     8
  Use: Potion            |       |       |       |     1 ||     1
 Stab: Confused          |       |     4 |    12 |    11 ||    27
       Sleeping          |       |     1 |     1 |       ||     2
Armor: Robe              |     1 |       |       |       ||     1
       Leather armour    |     1 |    18 |    30 |       ||    49
       Steam dragon scal |       |       |     4 |    32 ||    36
Dodge: Dodged            |    10 |    33 |    71 |    70 ||   184

Table legend: (Time is in decaauts)
 A = Elapsed time spent in this place.
 B = Non-inter-level travel time spent in this place.
 C = Inter-level travel time spent in this place.
 D = Time resting spent in this place.
 E = Time spent auto-exploring this place.
 F = Levels seen in this place.
 G = Mean time per level.
                   A        B        C        D        E       F      G
               +--------+--------+--------+--------+--------+-----+--------+
         Total |  12804 |  12407 |    397 |    348 |   9971 |  13 |  984.9 |
       Dungeon |  12047 |  11684 |    363 |    272 |   9646 |  11 | 1095.2 |
        Temple |     74 |     40 |     34 |      0 |     30 |   1 |   74.0 |
        Bailey |    682 |    682 |      0 |     76 |    294 |   1 |  682.0 |
               +--------+--------+--------+--------+--------+-----+--------+

Top non-repeatable levels by time:
     D:8: 1829 daAuts
     D:5: 1454 daAuts
     D:7: 1385 daAuts
     D:3: 1341 daAuts
     D:2: 1295 daAuts
     D:1: 1259 daAuts
     D:9: 1021 daAuts
     D:4: 982 daAuts
     D:6: 868 daAuts
  Bailey: 682 daAuts
    D:10: 506 daAuts
    D:11: 102 daAuts
  Temple: 74 daAuts
